 Dungeon Crawl Stone Soup version 0.31-a0-233-g139696dc86 (webtiles) character file.

Game seed: 13213058000353096703

170 qw the Shooter (level 5, 0/45 HPs)
             Began as a Minotaur Hexslinger on July 7, 2023.
             Slain by a gnoll
             ... wielding a +0 spear
              (3 damage)
             ... on level 3 of the Dungeon.
             The game lasted 00:00:52 (2015 turns).

qw the Shooter (Minotaur Hexslinger)                Turns: 2015, Time: 00:00:53

Health: 0/45       AC:  6    Str: 13    XL:     5   Next: 25%
Magic:  5/5        EV: 11    Int: 10    God:
Gold:   123        SH:  0    Dex: 14    Spells: 5/6 levels left

rFire   . . .        Y - +2 sling
rCold   . . .        (no shield)
rNeg    . . .        h - +0 ring mail
rPois   .            (helmet restricted)
rElec   .            j - +0 cloak
rCorr   .            (no gloves)
SInv    .            (no boots)
Will    .....        (no amulet)
Stlth   +            (no ring)
HPRegen 0.27/turn    (no ring)
MPRegen 0.09/turn

%: no passive effects
@: no status effects
A: horns 2, retaliatory headbutt
a: no special abilities


You were on level 3 of the Dungeon.
You visited 1 branch of the dungeon, and saw 3 of its levels.

You collected 123 gold pieces.


Innate Abilities, Weirdness & Mutations

You have a pair of horns on your head.
You reflexively headbutt those who attack you in melee.


   Skills:
 - Level 3.0 Fighting
 + Level 5.3 Ranged Weapons
 - Level 1.0 Armour
 - Level 2.1 Dodging
 - Level 1.0 Spellcasting
 - Level 2.0 Hexes


You had 5 spell levels left.
You knew the following spells:

 Your Spells              Type           Power      Damage    Failure   Level
a - Slow                  Hex            16%        N/A       32%         1

Your spell library contained the following spells:

 Spells                   Type           Power      Damage    Failure   Level
 Inner Flame              Hex/Fire       2%         N/A       82%         3
 Portal Projectile        Hex/Tloc       4%         N/A       82%         3
 Cause Fear               Hex            2%         N/A       97%         4

Inventory:

Hand Weapons
 Y - a +2 sling (weapon)
Armour
 h - a +0 ring mail (worn)
 j - a +0 cloak (worn)
Jewellery
 c - a ring of flight
Scrolls
 a - a scroll of identify
Potions
 b - a potion of haste
 i - a potion of might

Dungeon Overview and Level Annotations

Branches:
Dungeon (3/15)

Altars:
Kikubaaqudgha

Shops:
D:3 [


Message History

2005 ||| FLEEEEING.
You shoot a sling bullet.
The sling bullet hits the gnoll but does no damage.
The gnoll is lightly wounded.
A gnoll comes into view. It is wielding a +0 spear.
You shoot a sling bullet. The sling bullet hits the gnoll!
The gnoll is severely wounded.
The gnoll barely misses you.
You shoot a sling bullet. The sling bullet hits the gnoll.
The gnoll is severely wounded.
The gnoll barely misses you.
The gnoll hits you from afar with a +0 spear. x2
The gnoll hits you with a +0 flail.
The gnoll hits you from afar with a +0 spear.
You shoot a sling bullet. The sling bullet hits the gnoll.
You kill the gnoll!
The gnoll hits you but does no damage. The gnoll barely misses you.
You shoot a sling bullet. The sling bullet hits the gnoll.
The gnoll is lightly wounded.
The gnoll hits you from afar with a +0 spear. x2
You shoot a sling bullet.
The sling bullet hits the gnoll but does no damage.
The gnoll is lightly wounded.
The gnoll closely misses you.
The gnoll hits you from afar with a +0 spear!
The gnoll closely misses you. x2
You shoot a sling bullet. The sling bullet hits the gnoll.
The gnoll is moderately wounded.
The gnoll hits you from afar with a +0 spear.
The gnoll closely misses you.
You shoot a sling bullet. The sling bullet hits the gnoll!
You kill the gnoll!
The gnoll hits you from afar with a +0 spear.
You shoot a sling bullet. The sling bullet hits the gnoll!
The gnoll is heavily wounded.
The gnoll hits you from afar with a +0 spear.
You shoot a sling bullet. The sling bullet hits the gnoll.
The gnoll is almost dead.
The gnoll hits you from afar with a +0 spear.
You die...

..###########
>.gg..)..#..
#)g#.# #..#.#
#@)..# ##...#
#...# #.#
#.#.###.#.#
#.#.....#.#
#.#..####.#
#.##)####.#
#.#.....#.#
.. .
#.#.....#.#
#..._


You could see a gnoll.

Vanquished Creatures
  Jessica (D:3)
  3 gnolls (D:3)
  5 adders (D:2)
  2 worms (D:2)
  An orc (D:3)
  6 endoplasms
  2 giant cockroaches
  3 goblins
  11 hobgoblins
  3 jackals (D:1)
  3 quokkas
  8 ball pythons
  6 bats
  4 frilled lizards
  4 kobolds
  3 rats (D:1)
65 creatures vanquished.

Notes
Turn   | Place    | Note
-------+----------+-------------------------------------------
     0 | D:1      | qw the Minotaur Hexslinger began the quest for the Orb.
     0 | D:1      | Reached XP level 1. HP: 16/16 MP: 1/1
     0 | D:1      | 0 ||| qw: Version: 0.3-a-46-gb1f654a
     0 | D:1      | 0 ||| qw: Game counter: 3253
     0 | D:1      | 0 ||| qw: Melee chars always use a shield: true
     0 | D:1      | 0 ||| qw: God list: Okawaru
     0 | D:1      | 0 ||| qw: Allow faded altars: false
     0 | D:1      | 0 ||| qw: Do Orc after clearing Dungeon:15 true
     0 | D:1      | 0 ||| qw: Do second Lair branch before Depths: true
     0 | D:1      | 0 ||| qw: Lair rune preference: random
     0 | D:1      | 0 ||| qw: Goals: Normal
     0 | D:1      | 0 ||| PLANNING D:1-11
    70 | D:1      | Found a faded altar of an unknown god.
   111 | D:1      | Reached skill level 3 in Ranged Weapons
   114 | D:1      | Reached XP level 2. HP: 23/23 MP: 2/2
   131 | D:1      | HP: 5/23 [constriction (1)]
   765 | D:1      | 765 ||| UPGRADING to +0 leather armour.
   775 | D:1      | 775 ||| DROPPING +0 robe.
   776 | D:1      | 776 ||| UPGRADING to +0 ring mail.
   786 | D:1      | 786 ||| DROPPING +0 leather armour.
   787 | D:1      | 787 ||| UPGRADING to +0 cloak.
   792 | D:1      | 792 ||| READING 3 scrolls labelled KOQEIQ BEPRAJ.
   793 | D:1      | 793 ||| READING scroll labelled DUARPH BIKHLONK.
   794 | D:1      | 794 ||| READING scroll labelled RYTAFF VIUGEI.
   795 | D:1      | 795 ||| READING scroll labelled WEOGUI GACRUI.
   796 | D:1      | 796 ||| READING 2 scrolls of identify.
   796 | D:1      | 796 ||| IDENTIFYING fuming silvery potion
   797 | D:1      | 797 ||| DROPPING scroll of poison.
   798 | D:1      | 798 ||| DROPPING potion of degeneration.
   858 | D:2      | 858 ||| STAIRDANCE
   862 | D:1      | Reached XP level 3. HP: 27/29 MP: 3/3
  1106 | D:2      | Reached skill level 4 in Ranged Weapons
  1297 | D:2      | Reached skill level 1 in Armour
  1320 | D:2      | Reached XP level 4. HP: 32/36 MP: 4/4
  1659 | D:2      | Reached skill level 5 in Ranged Weapons
  1774 | D:2      | 1774 ||| READING scroll labelled DYZEHYOMAIJ.
  1775 | D:2      | 1775 ||| DRINKING 2 brown potions.
  1776 | D:2      | 1776 ||| READING 2 scrolls of identify.
  1776 | D:2      | 1776 ||| IDENTIFYING fizzy inky potion
  1876 | D:3      | Found Puadghup's Antique Armour Emporium.
  1946 | D:3      | Noticed Jessica
  1949 | D:3      | Killed Jessica
  1950 | D:3      | Reached skill level 3 in Fighting
  1950 | D:3      | Reached XP level 5. HP: 45/45 MP: 5/5
  1957 | D:3      | Found an ancient bone altar of Kikubaaqudgha.
  1996 | D:3      | 1996 ||| Stepping ~*~*~tactically~*~*~ (outnumbered).
  1999 | D:3      | 1999 ||| Stepping ~*~*~tactically~*~*~ (outnumbered).
  2005 | D:3      | 2005 ||| FLEEEEING.
  2012 | D:3      | HP: 10/45 [gnoll/+0 spear (6)]
  2013 | D:3      | HP: 4/45 [gnoll/+0 spear (6)]
  2015 | D:3      | Slain by a gnoll

Levels and vault maps discovered:
D:1:      minmay_arrival_stair_chambers, layout_loops_ring,
          shapermc_ecumenical_altar_rom_forum, kennysheep_pointless_box,
          st_stairs_6
D:2:      layout_loops_ring, minmay_snake_closets
D:3:      layout_basic, grunt_temple_overflow_lords_of_destruction,
          mainiacjoe_overflow_tiny_flanked, serial_shops,
          nicolae_shop_tiny_glass, serial_bayou_crossing, uniq_jessica

Skill      XL: |  1  2  3  4 |
---------------+-------------+-----
Ranged Weapons | 3 4 5 |  5.3
Fighting       | 2 3 |  3.0
Armour         | 1 |  1.0
Dodging        | |  2.1
Spellcasting   | |  1.0
Hexes          | |  2.0

Action                     |  1- 3 |  4- 6 || total
---------------------------+-------+-------++-------
   Fire: Sling             |   152 |    80 ||   232
    Use: Scroll            |     5 |     2 ||     7
         Potion            |       |     1 ||     1
 Armour: Robe              |     7 |       ||     7
         Ring mail         |    20 |    19 ||    39
  Dodge: Dodged            |    74 |    33 ||   107

Table legend:
 A = Non-vault XP
 B = Vault XP
 C = Vault XP percentage of total XP
 D = Non-vault monster count
 E = Vault monster count
 F = Vault count percentage of total count
                 A         B        C        D         E       F
            +---------+---------+-------+---------+---------+-------
      Total |     143 |     100 |  41.2 |      53 |      12 |  18.5
            +---------+---------+-------+---------+---------+-------
        D:1 |      40 |       1 |   2.4 |      25 |       1 |   3.8
        D:2 |      55 |      62 |  53.0 |      22 |      10 |  31.2
        D:3 |      48 |      37 |  43.5 |       6 |       1 |  14.3
            +---------+---------+-------+---------+---------+-------
